AoeStats
← Louis

Arabia

509110781Analyzed
1v1 RM · 6d ago on Sep 25, 2026· 50m 25s· 2 players
Game mode
Random Map
Map size
Tiny (2 player)
Population
200
Speed
Normal
Resources
Standard
Victory
Conquest
Starting age
Dark Age
Ending age
Imperial Age
RankedLock teamsTeams togetherTeam positionsShared explorationLock speedFull tech treeHidden civsTurbo modeCheats
Victory
Defeat
🇹🇷 Britons · Türkiye
334
+19
🇨🇳 Maya · China
411
-19
Louis
11:46 Feudal Age
21:21 Castle Age
20:26 Man-at-Arms
32:01 Double-Bit Axe
32:28 Horse Collar
32:38 Elite Skirmisher
35:23 Long Swordsman
37:26 Wheelbarrow
38:15 Crossbowman
42:33 Bow Saw
42:18 Gold Mining
42:21 Stone Mining
44:01 Heavy Plow
44:41 Thumb Ring
TheEmbraced
7:36 Loom
10:27 Feudal Age
11:25 Double-Bit Axe
17:42 Gold Mining
20:34 Padded Archer Armor
20:26 Fletching
21:45 Stone Mining
21:43 Horse Collar
24:49 Castle Age
27:42 Crossbowman
29:33 Leather Archer Armor
29:14 Bodkin Arrow
31:01 Gold Shaft Mining
33:06 Yeomen
34:15 Ballistics
35:00 Bow Saw
34:55 Heavy Plow
35:34 Wheelbarrow
34:46 Town Watch
34:30 Pikeman
35:12 Squires
34:59 Arson
39:22 Hand Cart
39:07 Town Patrol
39:50 Forging
39:40 Scale Mail Armor
40:12 Masonry
40:13 Careening
40:02 Murder Holes
39:48 Treadmill Crane
40:17 Devotion
44:32 Imperial Age
44:04 Chain Mail Armor
44:25 Iron Casting
45:28 Elite Longbowman
46:15 Warwolf
46:40 Conscription
47:05 Hoardings
46:54 Faith
47:38 Chemistry
48:54 Architecture
48:31 Siege Engineers
47:51 Halberdier
49:41 Two-Man Saw
48:49 Bracer
49:20 Ring Archer Armor
49:54 Blast Furnace
49:25 Plate Mail Armor
Connection lost

Rejoining the realm…

Still unreachable

The connection could not be restored.

Session expired

The server has moved on; the page needs a fresh start.